 Dungeon Crawl Stone Soup version 0.19.0-16-g73b5abf (webtiles) character file.

1017 Leibowitz the Spear-Bearer (level 8, 0/61 HPs)
             Began as a Merfolk Gladiator on Nov 10, 2016.
             Slain by an ogre
             ... wielding a +0 giant club
              (14 damage)
             ... on level 5 of the Dungeon.
             The game lasted 00:12:02 (4333 turns).

Leibowitz the Spear-Bearer (Merfolk Gladiator)      Turns: 4333, Time: 00:12:03

Health: 0/61       AC: 10    Str: 15    XL:     8   Next: 22%
Magic:  8/8        EV: 15    Int:  8    God:
Gold:   246        SH:  0    Dex: 16    Spells: 0 memorised, 7 levels left

rFire  + . .     SeeInvis .     a - +0 trident
rCold  . . .     Gourm    +     g - +2 scale mail {rF+}
rNeg   . . .     Faith    .     (no shield)
rPois  .         Spirit   .     c - +0 helmet
rElec  .         Reflect  .     (no cloak)
rCorr  +         Harm     .     i - +0 pair of gloves
MR     .....                    (boots currently unavailable)
Stlth  ..........               o - amulet of the gourmand
                                y - ring of resist corrosion
                                w - ring of loudness (curse)

@: very quick
A: change form in water, swift swim, stealthy swim
a: no special abilities


You were on level 5 of the Dungeon.
You were very full.

You visited 1 branch of the dungeon, and saw 5 of its levels.

You collected 246 gold pieces.

Inventory:

Hand Weapons
 a - a +0 trident (weapon)
Missiles
 d - 2 throwing nets (quivered)
Armour
 c - a +0 helmet (worn)
 g - a +2 scale mail of fire resistance (worn)
 i - a +0 pair of gloves (worn)
 B - a +0 pair of boots (melded)
Jewellery
 o - an amulet of the gourmand (around neck)
 w - a cursed ring of loudness (left hand)
 y - a ring of resist corrosion (right hand)
Wands
 u - a wand of paralysis (15/24)
Scrolls
 b - 2 scrolls of blinking {unknown}
 e - a scroll of noise {unknown}
 j - 2 scrolls of recharging {unknown}
 k - 8 scrolls of identify {unknown}
 p - a scroll of magic mapping {unknown}
 q - a scroll of fog {unknown}
 r - a scroll of amnesia {unknown}
 s - 3 scrolls of remove curse {unknown}
 C - a scroll of enchant weapon {unknown}
 D - a scroll of random uselessness {unknown}
 E - 3 scrolls of immolation {unknown}
Potions
 l - a potion of lignification {unknown}
 m - a potion of curing {unknown}
 n - a potion of might {unknown}
 v - 2 potions of haste {unknown}
 z - a potion of magic {unknown}
Books
 x - a book of Minor Magic

   Spells                             Type                      Level
   a - Magic Dart                     Conjuration                  1
   b - Blink                          Translocation                2
   c - Call Imp                       Summoning                    2
   d - Repel Missiles                 Charms/Air                   2
   e - Slow                           Hexes                        2
   f - Conjure Flame                  Conjuration/Fire             3
   g - Mephitic Cloud                 Conjuration/Poison/Air       3
Comestibles
 f - 3 bread rations
 h - 2 meat rations
 t - 3 fruits


   Skills:
 + Level 4.3 Fighting
 + Level 10.6 Polearms
 + Level 2.4 Throwing
 + Level 2.5 Armour
 + Level 5.5 Dodging
 + Level 1.0 Stealth


You had 7 spell levels left.
You didn't know any spells.

Dungeon Overview and Level Annotations

Branches:
Dungeon (5/15)
 Temple: D:4-7

Altars:

Annotations:
D:3 Grinder, Sigmund


Message History

The shadow imp is moderately wounded.
The giant cockroach bites you but does no damage.
The shadow imp hits you but does no damage.
The howler monkey misses you.
You hit the shadow imp.
The shadow imp is moderately wounded.
The giant cockroach barely misses you.
Attack whom?
Press: ? - help, Dir - move target cursor, f/p - howler monkey
Aim: a howler monkey You reach to attack!
You barely miss the howler monkey.
The howler monkey hoots and howls with incredible vigour!
You closely miss the giant cockroach. The giant cockroach misses you.
You hit the giant cockroach but do no damage.
Your tail-slap misses the giant cockroach.
The giant cockroach bites you but does no damage.
You puncture the giant cockroach!
You kill the giant cockroach!
The ogre hits you with a giant club!
You die...

... #..#...........###
.# #####.......#### ###
#...##### #(≈# #..##
#≈≈# ###..#
..##≈≈###...##
#.#≈≈≈##.....#
#.##≈≈≈#...#.####
#..P≈≈(@O5..^.....
#...≈≈≈≈h.≈..#####
#...≈≈≈≈≈P≈P....##..
##..≈.≈P≈≈≈P).≈....#
#...≈.≈≈≈≈≈PP≈.≈≈..
#.#..PP≈≈≈≈≈≈≈PP.P.≈...
#.##..P≈≈P≈≈≈≈≈≈≈≈≈≈..≈
#.##....≈≈≈≈≈≈≈≈≈≈≈≈≈≈.
#.......≈≈≈≈≈≈≈≈≈≈≈≈≈≈≈


You could see an ogre, a howler monkey and a shadow imp.

Vanquished Creatures
  An ice beast (D:5)
  3 ogres
  2 centaurs (D:5)
  A scorpion (D:4)
  A hound (D:4)
  The ghost of sheala the Sneak, a weakling FeEn (D:4)
  A centaur skeleton (D:3)
  A bullfrog skeleton (D:5)
  An iguana (D:4)
  2 orc wizards (D:4)
  4 worker ants (D:4)
  2 hound skeletons (D:4)
  3 worker ant zombies
  4 adders
  A shadow imp (D:5)
  An ooze (D:3)
  4 worms
  A dart slug (D:1)
  2 leopard geckos
  6 orcs
  5 giant cockroaches
  7 hobgoblins
  4 jackals (D:2)
  3 quokkas
  5 bats
  2 frilled lizards
  6 goblins
  3 kobolds
  5 rats
82 creatures vanquished.

Vanquished Creatures (others)
  A plant (D:5)
1 creature vanquished.

Grand Total: 83 creatures vanquished

Notes
Turn   | Place    | Note
-------+----------+-------------------------------------------
     0 | D:1      | Leibowitz the Merfolk Gladiator began the quest for the Orb.
     0 | D:1      | Reached XP level 1. HP: 16/16 MP: 1/1
   419 | D:1      | Reached XP level 2. HP: 22/22 MP: 2/2
  1098 | D:2      | Reached skill level 5 in Polearms
  1166 | D:2      | Reached XP level 3. HP: 28/28 MP: 3/3
  1667 | D:3      | Reached XP level 4. HP: 34/34 MP: 4/4
  1706 | D:3      | Noticed Sigmund
  1768 | D:3      | Reached skill level 6 in Polearms
  2081 | D:3      | Reached XP level 5. HP: 32/40 MP: 5/5
  2139 | D:3      | Noticed Grinder
  2241 | D:4      | Reached skill level 1 in Armour
  2314 | D:4      | Reached skill level 7 in Polearms
  2336 | D:4      | Reached XP level 6. HP: 28/47 MP: 6/6
  2401 | D:4      | Reached skill level 8 in Polearms
  2557 | D:4      | Reached skill level 5 in Dodging
  2580 | D:4      | Noticed sheala's ghost (weakling FeEn)
  2599 | D:4      | Killed sheala's ghost
  2824 | D:4      | Reached XP level 7. HP: 52/52 MP: 7/7
  3077 | D:4      | Reached skill level 9 in Polearms
  3529 | D:5      | Entered Level 5 of the Dungeon
  3834 | D:5      | Reached skill level 10 in Polearms
  4058 | D:5      | Reached skill level 1 in Stealth
  4058 | D:5      | Reached XP level 8. HP: 19/60 MP: 8/8
  4333 | D:5      | Slain by an ogre

Skill      XL: |  1  2  3  4  5  6  7 |
---------------+----------------------+-----
Polearms       | 5 6 7 8 10 | 10.6
Armour         | 1 2 |  2.5
Fighting       | 3 4 |  4.3
Dodging        | 5 |  5.5
Stealth        | 1 |  1.0
Throwing       | |  2.4

Action                   |  1- 3 |  4- 6 |  7- 9 || total
-------------------------+-------+-------+-------++-------
Melee: Trident           |   160 |   171 |   157 ||   488
       Tailslap          |       |       |     7 ||     7
Throw: Throwing net      |       |       |     3 ||     3
 Stab: Held in net/web   |       |       |     1 ||     1
  Eat: Chunk             |     2 |     9 |     8 ||    19
Armor: Scale mail        |    83 |    55 |    38 ||   176
       Leather armour    |     6 |       |       ||     6
Dodge: Dodged            |    91 |    89 |    88 ||   268
